River Rats vs Little Stars (R1)

Created - 22 octobre 2014 at 23:06

Goals
1 2 3 OT1 SO T
River Rats 3 2 2 0 1 8
Little Stars 2 2 3 0 0 7
Shots
1 2 3 OT1 SO T
River Rats 6 18 15 0 3 39
Little Stars 8 13 17 0 3 38

1st period

1. Little Stars , Jesse Joensuu 6 (Ryan Vesce, Clay Wilson) at 10:38
2. River Rats , Martin Grenier 3 (Damien Brunner, Josh Meyers) at 13:06
3. River Rats , Michael Del Zotto 3 (Brett Maclean, Damien Brunner) at 16:45 (PP)
4. Little Stars , Marcus Kruger 3 (Chris Dingman, Mathieu Roy) at 19:03
5. River Rats , Michael Del Zotto 4 (Kellan Lain) at 19:40

Penalties :
Martin Grenier (Alb) for Boarding (Minor) at 3:42, Cameron Schilling (Tex) for Goalie Interference (Minor) at 6:55, Tyler Bozak (Alb) for Elbowing (Minor) at 10:45, Martin Grenier (Alb) for Roughing (Minor) at 13:28, Ryan Ellis (Tex) for Interference (Minor) at 16:36

2nd period

6. Little Stars , Ryan Vesce 10 (Jesse Joensuu) at 1:21 (PP)
7. River Rats , Damien Brunner 8 (Brett Maclean) at 2:49
8. Little Stars , Cody Bass 2 (Ryan Vesce) at 2:57
9. River Rats , Chris Mcallister 5 (Damien Brunner, Martin Grenier) at 10:54

Penalties :
Josh Meyers (Alb) for Tripping (Minor) at 0:55, Cody Bass (Tex) for Roughing (Minor) at 7:24, Mathieu Roy (Tex) for Hooking (Minor) at 18:40

3rd period

10. River Rats , Michael Del Zotto 5 (Peter Mueller, Patrick Maroon) at 3:41 (PP)
11. Little Stars , Cody Bass 3 (Ryan Ellis, Erik Ersberg) at 10:55
12. River Rats , Brett Maclean 9 (Tyler Bozak, Damien Brunner) at 13:36 (PP)
13. Little Stars , Hugh Jessiman 3 (Mathieu Roy, Raphael Diaz) at 15:05 (PP)
14. Little Stars , Carl Hagelin 1 (Mathieu Roy, Clay Wilson) at 16:47

Penalties :
Tyler Bozak (Alb) for Hooking (Minor) at 1:21, Mathieu Roy (Tex) for Hooking (Minor) at 1:47, Damien Brunner (Alb) for Charging (Minor) at 4:30, Raphael Diaz (Tex) for Interference (Minor) at 7:29, Cameron Schilling (Tex) for Hooking (Minor) at 12:05, Patrick Maroon (Alb) for Holding (Minor) at 14:15, Matt Jones (Alb) for Roughing (Minor) at 16:50, Bryan Rodney (Alb) for Interference (Minor) at 18:27

Overtime #1

No Goal

Penalties :
No Penalty

Shootout

Penalty Shot by Tyler Bozak for River Rats - Shot Misses the Net
Penalty Shot by Chris Dingman for Little Stars - Shot Misses the Net
Penalty Shot by Brett Maclean for River Rats - Goal!
Penalty Shot by Hugh Jessiman for Little Stars - Stopped by Braden Holtby
Penalty Shot by Damien Brunner for River Rats - Shot Misses the Net
Penalty Shot by Ryan Vesce for Little Stars - Stopped by Braden Holtby

Penalties :
No Penalty

Goalie Stats

Braden Holtby (Alb), 31 saves from 38 shots - (0,816), W, 4-3-2, 65:00 minutes
Ben Scrivens (Tex), 21 saves from 27 shots - (0,778), 43:41 minutes
Erik Ersberg (Tex), 11 saves from 12 shots - (0,917), OTL, 8-1-1, 21:19 minutes

Players Stats for River Rats

Player Name              G  A  P  +/- PIM S  H  SB GA TA FO     MP     PP MP  PK MP  
------------------------------------------------------------------------------------
Brett Maclean            1  2  3   1  0   6  3  1  0  0  4/4    28:03   5:55   6:51 
Bryan Rodney             0  0  0  -2  2   0  1  1  3  0  0/0    19:41   6:37   4:31 
Chris Mcallister         1  0  1  -1  0   3  0  0  0  1  0/4    13:50   0:07   2:24 
Damien Brunner           1  4  5   1  2   2  2  0  1  0  1/2    20:21   5:44   0:00 
Jamie Arniel             0  0  0  -1  0   0  1  0  0  0  4/5     5:25   0:00   0:00 
Jay Beagle               0  0  0  -1  0   4  0  1  1  0  0/0    11:06   0:07   3:18 
Josh Meyers              0  1  1   0  2   2  1  0  0  0  0/0    18:30   0:00   0:38 
Kellan Lain              0  1  1   0  0   2  1  0  0  0  6/12   14:38   0:25   4:05 
Martin Grenier           1  1  2   0  4   8  1  3  1  1  0/0    30:01   3:20   5:44 
Matt Jones               0  0  0   1  2   1  2  0  0  1  0/0    24:41   3:20   6:37 
Michael Del Zotto        3  0  3   1  0   4  1  1  0  1  0/0    25:26   6:37   5:10 
Patrick Maroon           0  1  1   0  2   0  1  1  0  0  1/1    10:51   3:48   0:00 
Pavel Valentenko         0  0  0  -2  0   1  1  0  0  2  0/0    11:46   0:00   3:49 
Peter Mueller            0  1  1  -1  0   1  1  0  2  0  6/9    15:42   3:48   0:47 
Steve Quailer            0  0  0  -1  0   2  3  0  0  0  0/0    13:31   3:48   0:00 
Taylor Beck              0  0  0  -1  0   0  0  0  0  0  0/0     7:28   0:00   1:57 
Tomas Kubalik            0  0  0   0  0   0  1  0  0  0  0/0     7:23   0:18   0:00 
Tyler Bozak              0  1  1   1  4   3  1  1  1  0  18/42  26:19   5:51   6:15 

Players Stats for Little Stars

Player Name              G  A  P  +/- PIM S  H  SB GA TA FO     MP     PP MP  PK MP  
------------------------------------------------------------------------------------
Alexander Vasyunov       0  0  0   1  0   1  2  3  0  1  0/0     9:18   0:00   1:43 
Cameron Schilling        0  0  0   1  4   0  0  0  0  0  0/0    21:02   5:52   2:46 
Carl Hagelin             1  0  1   0  0   4  2  0  0  0  0/0     8:00   0:00   0:01 
Chris Dingman            0  1  1   0  0   6  2  2  1  1  4/12   28:48   7:34   5:29 
Clay Wilson              0  2  2   0  0   4  4  1  2  1  0/0    32:16   6:55   5:02 
Cody Bass                2  0  2   0  2   4  1  0  1  0  7/18   15:36   5:04   0:00 
Danny DeKeiser           0  0  0   0  0   0  0  0  0  0  0/0     2:40   0:00   0:44 
Hugh Jessiman            1  0  1   0  0   5  4  0  1  1  1/1    22:25   7:43   5:46 
Jared Spurgeon           0  0  0   0  0   0  0  0  0  0  0/0     8:39   0:00   0:00 
Jesse Joensuu            1  1  2   0  0   2  2  0  0  1  0/0    16:25   5:04   0:48 
Jimmy Hayes              0  0  0   1  0   1  1  0  0  0  0/0     7:56   0:09   0:01 
Landon Ferraro           0  0  0   0  0   0  0  0  0  0  3/7     6:53   0:00   0:36 
Marcus Kruger            1  0  1   0  0   1  1  0  0  0  20/32  19:55   7:43   0:00 
Mathieu Roy              0  3  3   0  4   1  6  0  0  1  0/0    31:12   6:54   3:40 
Matt Halischuk           0  0  0   0  0   0  3  2  0  2  1/1    16:46   0:00   2:45 
Raphael Diaz             0  1  1   1  2   2  0  1  0  1  0/0    22:03   5:52   3:50 
Robert Czarnik           0  0  0   1  0   0  0  0  0  0  1/4     6:14   0:00   0:00 
Ryan Ellis               0  1  1   0  2   1  1  0  0  0  0/0    12:12   0:00   3:52 
Ryan Vesce               1  2  3   0  0   6  2  0  1  0  2/4    20:03   5:04   2:45 

3 Stars

1 - Michael Del Zotto (Alb)
2 - Damien Brunner (Alb)
3 - Brett Maclean (Alb)

Power Play

River Rats - 3 on 7 Attempt(s) - 42,86%
Little Stars - 2 on 9 Attempt(s) - 22,22%

Penalty Kill

River Rats - 7 on 9 Attempt(s) - 77,78% - Score 0 goal in Penalty Kill
Little Stars - 4 on 7 Attempt(s) - 57,14% - Score 0 goal in Penalty Kill

Official

Referees : Devorski Paul and Hasenfratz Mike
Linesman : Mike Cvik and Tony Sericolo

Game Notes

Michael Del Zotto has scored a Hat Trick!
Erik Ersberg enters game at 3:41 of 3rd period

Finance

Level 1 -- Attendance: 1425 (71,25%) -- Ticket Income 49 875 $
Level 2 -- Attendance: 780 (78,00%) -- Ticket Income 11 700 $
Total Attendance: 2205 (73,50%)
Total Ticket Income: 61 575 $
Other Income: 3 079 $
Total Income: 64 654 $

River Rats

5 vs 5 Forward 
   Center                   Left Wing                Right Wing               Time % Phy DF OF 
 1 Tyler Bozak              Brett Maclean            Damien Brunner           40     1   2  2  
 2 Peter Mueller            Chris Mcallister         Steve Quailer            30     1   2  2  
 3 Kellan Lain              Patrick Maroon           Tomas Kubalik            20     1   2  2  
 4 Jamie Arniel             Taylor Beck              Jay Beagle               10     1   2  2  

5 vs 5 Defense 
   Defense                  Defense                                           Time % Phy DF OF 
 1 Martin Grenier           Josh Meyers                                       40     1   2  2  
 2 Matt Jones               Michael Del Zotto                                 30     1   2  2  
 3 Bryan Rodney             Pavel Valentenko                                  20     1   2  2  
 4 Bryan Rodney             Martin Grenier                                    10     1   2  2  

PowerPlay Forward 
   Center                   Left Wing                Right Wing               Time % Phy DF OF 
 1 Tyler Bozak              Brett Maclean            Damien Brunner           60     1   2  2  
 2 Peter Mueller            Patrick Maroon           Steve Quailer            40     1   2  2  

PowerPlay Defense
   Defense                  Defense                                           Time % Phy DF OF 
 1 Bryan Rodney             Michael Del Zotto                                 60     1   2  2  
 2 Matt Jones               Martin Grenier                                    40     1   2  2  

Penalty Kill 4 Players Forward 
   Center                   Wing                     Time % Phy DF OF 
 1 Tyler Bozak              Brett Maclean            60     1   2  2  
 2 Kellan Lain              Jay Beagle               40     1   2  2  

Penalty Kill 4 Players Defense
   Defense                  Defense                  Time % Phy DF OF 
 1 Martin Grenier           Matt Jones               60     1   2  2  
 2 Bryan Rodney             Michael Del Zotto        40     1   2  2  

Penalty Kill - 3 Players Forward 
   Forward                                           Time % Phy DF OF 
 1 Tyler Bozak                                       60     1   2  2  
 2 Jay Beagle                                        40     1   2  2  

Penalty Kill - 3 Players Defense
   Defense                  Defense                  Time % Phy DF OF 
 1 Martin Grenier           Matt Jones               60     1   2  2  
 2 Bryan Rodney             Michael Del Zotto        40     1   2  2  

4 vs 4 Forward 
   Center                   Wing                     Time % Phy DF OF 
 1 Tyler Bozak              Brett Maclean            60     1   2  2  
 2 Peter Mueller            Damien Brunner           40     1   2  2  

4 vs 4 Defense
   Defense                  Defense                  Time % Phy DF OF 
 1 Martin Grenier           Matt Jones               60     1   2  2  
 2 Bryan Rodney             Michael Del Zotto        40     1   2  2  

Last Minutes Offensive
   Center                   Left Wing                Right Wing               Defense                  Defense                  
   Tyler Bozak              Brett Maclean            Damien Brunner           Martin Grenier           Matt Jones               

Last Minutes Defensive
   Center                   Left Wing                Right Wing               Defense                  Defense                  
   Tyler Bozak              Brett Maclean            Damien Brunner           Martin Grenier           Matt Jones               

Goaltenders
Starting : Braden Holtby            
Backup : Allen York               

Extra Forwards
Normal : Kellan Lain, Chris Mcallister, Jay Beagle - PP : Kellan Lain, Tomas Kubalik - PK : Chris Mcallister
Extra Defensemen
Normal : Pavel Valentenko, Michael Del Zotto, Bryan Rodney - PP : Bryan Rodney - PK : Pavel Valentenko, Bryan Rodney
Penalty Shots
Tyler Bozak, Brett Maclean, Damien Brunner, Peter Mueller, Kellan Lain

Little Stars

5 vs 5 Forward 
   Center                   Left Wing                Right Wing               Time % Phy DF OF 
 1 Marcus Kruger            Chris Dingman            Matt Halischuk           40     1   2  2  
 2 Cody Bass                Jesse Joensuu            Ryan Vesce               30     1   2  2  
 3 Landon Ferraro           Carl Hagelin             Hugh Jessiman            20     1   2  2  
 4 Robert Czarnik           Alexander Vasyunov       Jimmy Hayes              10     1   2  2  

5 vs 5 Defense 
   Defense                  Defense                                           Time % Phy DF OF 
 1 Mathieu Roy              Clay Wilson                                       40     1   2  2  
 2 Raphael Diaz             Cameron Schilling                                 30     1   2  2  
 3 Jared Spurgeon           Ryan Ellis                                        20     1   2  2  
 4 Danny DeKeiser           Mathieu Roy                                       10     1   2  2  

PowerPlay Forward 
   Center                   Left Wing                Right Wing               Time % Phy DF OF 
 1 Marcus Kruger            Chris Dingman            Hugh Jessiman            60     1   2  2  
 2 Cody Bass                Jesse Joensuu            Ryan Vesce               40     1   2  2  

PowerPlay Defense
   Defense                  Defense                                           Time % Phy DF OF 
 1 Mathieu Roy              Clay Wilson                                       60     1   2  2  
 2 Raphael Diaz             Cameron Schilling                                 40     1   2  2  

Penalty Kill 4 Players Forward 
   Center                   Wing                     Time % Phy DF OF 
 1 Chris Dingman            Hugh Jessiman            60     1   2  2  
 2 Ryan Vesce               Matt Halischuk           40     1   2  2  

Penalty Kill 4 Players Defense
   Defense                  Defense                  Time % Phy DF OF 
 1 Mathieu Roy              Clay Wilson              60     1   2  2  
 2 Raphael Diaz             Cameron Schilling        40     1   2  2  

Penalty Kill - 3 Players Forward 
   Forward                                           Time % Phy DF OF 
 1 Chris Dingman                                     60     1   2  2  
 2 Hugh Jessiman                                     40     1   2  2  

Penalty Kill - 3 Players Defense
   Defense                  Defense                  Time % Phy DF OF 
 1 Mathieu Roy              Clay Wilson              60     1   2  2  
 2 Raphael Diaz             Cameron Schilling        40     1   2  2  

4 vs 4 Forward 
   Center                   Wing                     Time % Phy DF OF 
 1 Chris Dingman            Hugh Jessiman            60     1   2  2  
 2 Ryan Vesce               Matt Halischuk           40     1   2  2  

4 vs 4 Defense
   Defense                  Defense                  Time % Phy DF OF 
 1 Mathieu Roy              Clay Wilson              60     1   2  2  
 2 Raphael Diaz             Cameron Schilling        40     1   2  2  

Last Minutes Offensive
   Center                   Left Wing                Right Wing               Defense                  Defense                  
   Marcus Kruger            Chris Dingman            Hugh Jessiman            Mathieu Roy              Clay Wilson              

Last Minutes Defensive
   Center                   Left Wing                Right Wing               Defense                  Defense                  
   Marcus Kruger            Chris Dingman            Hugh Jessiman            Mathieu Roy              Clay Wilson              

Goaltenders
Starting : Ben Scrivens             
Backup : Erik Ersberg             

Extra Forwards
Normal : Jimmy Hayes, Carl Hagelin, Alexander Vasyunov - PP : Jimmy Hayes, Carl Hagelin - PK : Alexander Vasyunov
Extra Defensemen
Normal : Jared Spurgeon, Ryan Ellis, Danny DeKeiser - PP : Jared Spurgeon - PK : Ryan Ellis, Danny DeKeiser
Penalty Shots
Chris Dingman, Hugh Jessiman, Ryan Vesce, Matt Halischuk, Marcus Kruger

% Time on Ice - River Rats

Lines # - Real PCT - Wanted PCT - Time Play
Normal Forward
1 - 37% - 40% - 13:07
2 - 29% - 30% - 10:23
3 - 19% - 20% - 6:48
4 - 15% - 10% - 5:25
Normal Defense
1 - 49% - 40% - 17:30
2 - 32% - 30% - 11:17
3 - 17% - 20% - 6:15
4 - 2% - 10% - 0:41
PP Forward
1 - 62% - 60% - 6:09
2 - 38% - 40% - 3:48
PP Defense
1 - 68% - 60% - 6:44
2 - 32% - 40% - 3:13
PK Forward
1 - 73% - 60% - 9:07
2 - 27% - 40% - 3:18
PK Defense
1 - 58% - 60% - 7:15
2 - 42% - 40% - 5:10
PK3 Forward
1 - 100% - 60% - 0:49
2 - 0% - 40% - 0:00
PK3 Defense
1 - 100% - 60% - 0:49
2 - 0% - 40% - 0:00
44 Forward
1 - 79% - 60% - 4:48
2 - 21% - 40% - 1:18
44 Defense
1 - 66% - 60% - 4:03
2 - 34% - 40% - 2:03
Last Minute Offensive  - 0:00
Last Minute Defensive  - 0:00
Total
Forward - 65:00
Defense - 65:00

% Time on Ice - Little Stars

Lines # - Real PCT - Wanted PCT - Time Play
Normal Forward
1 - 37% - 40% - 13:05
2 - 28% - 30% - 10:08
3 - 18% - 20% - 6:16
4 - 17% - 10% - 6:14
Normal Defense
1 - 48% - 40% - 17:01
2 - 30% - 30% - 10:46
3 - 19% - 20% - 6:42
4 - 3% - 10% - 1:14
PP Forward
1 - 60% - 60% - 7:43
2 - 40% - 40% - 5:04
PP Defense
1 - 54% - 60% - 6:55
2 - 46% - 40% - 5:52
PK Forward
1 - 72% - 60% - 7:12
2 - 28% - 40% - 2:45
PK Defense
1 - 52% - 60% - 5:09
2 - 48% - 40% - 4:48
PK3 Forward
1 - 0% - 60%
2 - 0% - 40%
PK3 Defense
1 - 0% - 60%
2 - 0% - 40%
44 Forward
1 - 74% - 60% - 4:49
2 - 26% - 40% - 1:44
44 Defense
1 - 63% - 60% - 4:08
2 - 37% - 40% - 2:25
Last Minute Offensive  - 0:00
Last Minute Defensive  - 0:00
Total
Forward - 65:00
Defense - 65:00

Play by Play

1st period


0:01 of 1st period - Tyler Bozak wins face-off versus Marcus Kruger in neutral zone.
0:52 of 1st period - Backhand shot by Carl Hagelin.
0:52 of 1st period - Stopped by Braden Holtby without a rebound.
0:53 of 1st period - Jamie Arniel wins face-off versus Robert Czarnik in River Rats zone.
3:42 of 1st period - Minor Penalty to Martin Grenier for Boarding.
3:43 of 1st period - Tyler Bozak wins face-off versus Marcus Kruger in River Rats zone.
5:24 of 1st period - Icing by Hugh Jessiman.
5:25 of 1st period - Cody Bass wins face-off versus Chris Mcallister in Little Stars zone.
5:30 of 1st period - Chris Mcallister is hit by Ryan Vesce and loses puck.
5:42 of 1st period - Penalty to Martin Grenier is over, Martin Grenier is back on ice.
5:42 of 1st period - Icing by Clay Wilson.
5:43 of 1st period - Marcus Kruger wins face-off versus Peter Mueller in Little Stars zone.
5:43 of 1st period - Marcus Kruger is hit by Steve Quailer.
6:26 of 1st period - Cody Bass is hit by Damien Brunner.
6:55 of 1st period - Minor Penalty to Cameron Schilling for Goalie Interference.
6:56 of 1st period - Tyler Bozak wins face-off versus Chris Dingman in Little Stars zone.
6:56 of 1st period - Snap shot by Brett Maclean.
6:56 of 1st period - Shot Misses the Net.
6:58 of 1st period - Snap shot by Tyler Bozak.
6:58 of 1st period - Stopped by Ben Scrivens with a rebound.
7:00 of 1st period - Slapshot by Matt Jones.
7:00 of 1st period - Shot Misses the Net.
7:06 of 1st period - Snap shot by Brett Maclean.
7:06 of 1st period - Shot Misses the Net.
7:08 of 1st period - Backhand shot by Martin Grenier.
7:08 of 1st period - Stopped by Ben Scrivens with a rebound.
7:58 of 1st period - Martin Grenier is hit by Clay Wilson and loses puck.
8:55 of 1st period - Penalty to Cameron Schilling is over, Cameron Schilling is back on ice.
9:26 of 1st period - Icing by Jimmy Hayes.
9:27 of 1st period - Robert Czarnik wins face-off versus Kellan Lain in Little Stars zone.
9:27 of 1st period - Robert Czarnik is hit by Patrick Maroon.
10:00 of 1st period - Martin Grenier is hit by Matt Halischuk and loses puck.
10:13 of 1st period - Martin Grenier is hit by Carl Hagelin and loses puck.
10:32 of 1st period - Bryan Rodney is hit by Jesse Joensuu.
10:38 of 1st period - Snap shot by Jesse Joensuu.
10:38 of 1st period - Goal by Jesse Joensuu - River Rats : 0 - Little Stars : 1.
10:39 of 1st period - Marcus Kruger wins face-off versus Tyler Bozak in neutral zone.
10:45 of 1st period - Minor Penalty to Tyler Bozak for Elbowing.
10:46 of 1st period - Marcus Kruger wins face-off versus Chris Mcallister in River Rats zone.
11:28 of 1st period - Wrist shot by Chris Dingman.
11:28 of 1st period - Shot Misses the Net.
12:28 of 1st period - Wrist shot by Hugh Jessiman.
12:28 of 1st period - Shot Misses the Net.
12:36 of 1st period - Snap shot by Chris Dingman.
12:36 of 1st period - Shot Misses the Net.
12:45 of 1st period - Penalty to Tyler Bozak is over, Tyler Bozak is back on ice.
12:48 of 1st period - Slapshot by Hugh Jessiman.
12:48 of 1st period - Shot Blocked by Tyler Bozak.
12:50 of 1st period - Snap shot by Chris Dingman.
12:50 of 1st period - Stopped by Braden Holtby without a rebound.
12:51 of 1st period - Tyler Bozak wins face-off versus Cody Bass in River Rats zone.
12:51 of 1st period - Tyler Bozak is hit by Jesse Joensuu.
13:04 of 1st period - Snap shot by Damien Brunner.
13:04 of 1st period - Shot Misses the Net.
13:06 of 1st period - Slapshot by Martin Grenier.
13:06 of 1st period - Goal by Martin Grenier - River Rats : 1 - Little Stars : 1.
13:07 of 1st period - Tyler Bozak wins face-off versus Cody Bass in neutral zone.
13:14 of 1st period - Wrist shot by Tyler Bozak.
13:14 of 1st period - Shot Misses the Net.
13:28 of 1st period - Minor Penalty to Martin Grenier for Roughing.
13:29 of 1st period - Kellan Lain wins face-off versus Cody Bass in River Rats zone.
13:39 of 1st period - Off-side.
13:40 of 1st period - Tyler Bozak wins face-off versus Cody Bass in neutral zone.
13:51 of 1st period - Off-side.
13:52 of 1st period - Cody Bass wins face-off versus Kellan Lain in neutral zone.
14:55 of 1st period - Chris Dingman is hit by Brett Maclean and loses puck.
15:28 of 1st period - Penalty to Martin Grenier is over, Martin Grenier is back on ice.
16:27 of 1st period - Icing by Jimmy Hayes.
16:28 of 1st period - Peter Mueller wins face-off versus Marcus Kruger in Little Stars zone.
16:29 of 1st period - Slapshot by Chris Mcallister.
16:29 of 1st period - Shot Blocked by Chris Dingman.
16:31 of 1st period - Slapshot by Chris Mcallister.
16:31 of 1st period - Shot Blocked by Matt Halischuk.
16:36 of 1st period - Minor Penalty to Ryan Ellis for Interference.
16:37 of 1st period - Tyler Bozak wins face-off versus Chris Dingman in Little Stars zone.
16:37 of 1st period - Snap shot by Brett Maclean.
16:37 of 1st period - Stopped by Ben Scrivens without a rebound.
16:38 of 1st period - Tyler Bozak wins face-off versus Chris Dingman in Little Stars zone.
16:41 of 1st period - Snap shot by Damien Brunner.
16:41 of 1st period - Shot Misses the Net.
16:43 of 1st period - Slapshot by Brett Maclean.
16:43 of 1st period - Shot Blocked by Clay Wilson.
16:45 of 1st period - Snap shot by Michael Del Zotto.
16:45 of 1st period - Goal by Michael Del Zotto - River Rats : 2 - Little Stars : 1.
16:46 of 1st period - Marcus Kruger wins face-off versus Tyler Bozak in neutral zone.
17:16 of 1st period - Wrist shot by Ryan Vesce.
17:16 of 1st period - Stopped by Braden Holtby with a rebound.
17:18 of 1st period - Slapshot by Clay Wilson.
17:18 of 1st period - Stopped by Braden Holtby with a rebound.
17:20 of 1st period - Snap shot by Cody Bass.
17:20 of 1st period - Stopped by Braden Holtby with a rebound.
17:44 of 1st period - Slapshot by Peter Mueller.
17:44 of 1st period - Shot Blocked by Alexander Vasyunov.
18:14 of 1st period - Cameron Schilling is hit by Steve Quailer and loses puck.
18:49 of 1st period - Slapshot by Raphael Diaz.
18:49 of 1st period - Stopped by Braden Holtby without a rebound.
18:50 of 1st period - Marcus Kruger wins face-off versus Tyler Bozak in River Rats zone.
19:01 of 1st period - Snap shot by Marcus Kruger.
19:01 of 1st period - Shot Misses the Net.
19:03 of 1st period - Wrist shot by Marcus Kruger.
19:03 of 1st period - Goal by Marcus Kruger - River Rats : 2 - Little Stars : 2.
19:04 of 1st period - Marcus Kruger wins face-off versus Tyler Bozak in neutral zone.
19:40 of 1st period - Slapshot by Michael Del Zotto.
19:40 of 1st period - Deflect By Cody Bass.
19:40 of 1st period - Goal by Michael Del Zotto - River Rats : 3 - Little Stars : 2.
19:41 of 1st period - Marcus Kruger wins face-off versus Tyler Bozak in neutral zone.
Goals for this period are 3 for River Rats vs 2 for Little Stars.
Shots for this period are 6 for River Rats vs 8 for Little Stars.

2nd period


0:01 of 2nd period - Brett Maclean wins face-off versus Marcus Kruger in neutral zone.
0:09 of 2nd period - Icing by Clay Wilson.
0:10 of 2nd period - Marcus Kruger wins face-off versus Tyler Bozak in Little Stars zone.
0:19 of 2nd period - Snap shot by Mathieu Roy.
0:19 of 2nd period - Stopped by Braden Holtby with a rebound.
0:21 of 2nd period - Backhand shot by Marcus Kruger.
0:21 of 2nd period - Shot Blocked by Brett Maclean.
0:23 of 2nd period - Slapshot by Marcus Kruger.
0:23 of 2nd period - Shot Hit the Post.
0:25 of 2nd period - Wrist shot by Mathieu Roy.
0:25 of 2nd period - Deflect By Chris Dingman.
0:25 of 2nd period - Deflect By Damien Brunner.
0:25 of 2nd period - Shot Misses the Net.
0:25 of 2nd period - Puck is out of play.
0:26 of 2nd period - Cody Bass wins face-off versus Kellan Lain in River Rats zone.
0:31 of 2nd period - Wrist shot by Ryan Vesce.
0:31 of 2nd period - Deflect By Martin Grenier.
0:31 of 2nd period - Stopped by Braden Holtby without a rebound.
0:32 of 2nd period - Kellan Lain wins face-off versus Cody Bass in River Rats zone.
0:55 of 2nd period - Minor Penalty to Josh Meyers for Tripping.
0:56 of 2nd period - Marcus Kruger wins face-off versus Tyler Bozak in River Rats zone.
1:01 of 2nd period - Wrist shot by Marcus Kruger.
1:01 of 2nd period - Shot Misses the Net.
1:21 of 2nd period - Snap shot by Ryan Vesce.
1:21 of 2nd period - Goal by Ryan Vesce - River Rats : 3 - Little Stars : 3.
1:22 of 2nd period - Marcus Kruger wins face-off versus Tyler Bozak in neutral zone.
1:44 of 2nd period - Damien Brunner is hit by Clay Wilson and loses puck.
2:19 of 2nd period - Wrist shot by Chris Dingman.
2:19 of 2nd period - Shot Misses the Net.
2:49 of 2nd period - Wrist shot by Damien Brunner.
2:49 of 2nd period - Goal by Damien Brunner - River Rats : 4 - Little Stars : 3.
2:50 of 2nd period - Cody Bass wins face-off versus Peter Mueller in neutral zone.
2:57 of 2nd period - Wrist shot by Cody Bass.
2:57 of 2nd period - Goal by Cody Bass - River Rats : 4 - Little Stars : 4.
2:58 of 2nd period - Peter Mueller wins face-off versus Cody Bass in neutral zone.
3:01 of 2nd period - Snap shot by Martin Grenier.
3:01 of 2nd period - Deflect By Steve Quailer.
3:01 of 2nd period - Shot Blocked by Raphael Diaz.
3:01 of 2nd period - Puck is out of play.
3:02 of 2nd period - Ryan Vesce wins face-off versus Peter Mueller in Little Stars zone.
3:31 of 2nd period - Slapshot by Raphael Diaz.
3:31 of 2nd period - Stopped by Braden Holtby without a rebound.
3:32 of 2nd period - Brett Maclean wins face-off versus Landon Ferraro in River Rats zone.
4:37 of 2nd period - Slapshot by Ryan Ellis.
4:37 of 2nd period - Shot Blocked by Michael Del Zotto.
4:39 of 2nd period - Slapshot by Ryan Ellis.
4:39 of 2nd period - Stopped by Braden Holtby without a rebound.
4:40 of 2nd period - Brett Maclean wins face-off versus Robert Czarnik in River Rats zone.
4:47 of 2nd period - Snap shot by Jimmy Hayes.
4:47 of 2nd period - Stopped by Braden Holtby with a rebound.
5:13 of 2nd period - Icing by Chris Mcallister.
5:14 of 2nd period - Peter Mueller wins face-off versus Marcus Kruger in River Rats zone.
5:14 of 2nd period - Peter Mueller is hit by Matt Halischuk.
5:20 of 2nd period - Slapshot by Martin Grenier.
5:20 of 2nd period - Stopped by Ben Scrivens with a rebound.
6:47 of 2nd period - Wrist shot by Peter Mueller.
6:47 of 2nd period - Shot Blocked by Alexander Vasyunov.
6:55 of 2nd period - Bryan Rodney is hit by Ryan Ellis and loses puck.
7:24 of 2nd period - Minor Penalty to Cody Bass for Roughing.
7:25 of 2nd period - Tyler Bozak wins face-off versus Chris Dingman in Little Stars zone.
7:28 of 2nd period - Wrist shot by Brett Maclean.
7:28 of 2nd period - Shot Misses the Net.
7:30 of 2nd period - Slapshot by Matt Jones.
7:30 of 2nd period - Shot Misses the Net.
7:38 of 2nd period - Slapshot by Damien Brunner.
7:38 of 2nd period - Stopped by Ben Scrivens with a rebound.
7:40 of 2nd period - Wrist shot by Brett Maclean.
7:40 of 2nd period - Stopped by Ben Scrivens with a rebound.
7:57 of 2nd period - Wrist shot by Chris Dingman.
7:57 of 2nd period - Stopped by Braden Holtby with a rebound.
8:31 of 2nd period - Brett Maclean is hit by Mathieu Roy and loses puck.
9:22 of 2nd period - Steve Quailer is hit by Clay Wilson and loses puck.
9:24 of 2nd period - Penalty to Cody Bass is over, Cody Bass is back on ice.
9:31 of 2nd period - Steve Quailer is hit by Alexander Vasyunov and loses puck.
9:44 of 2nd period - Slapshot by Jay Beagle.
9:44 of 2nd period - Shot Misses the Net.
9:46 of 2nd period - Backhand shot by Jay Beagle.
9:46 of 2nd period - Stopped by Ben Scrivens with a rebound.
9:48 of 2nd period - Slapshot by Pavel Valentenko.
9:48 of 2nd period - Stopped by Ben Scrivens without a rebound.
9:49 of 2nd period - Landon Ferraro wins face-off versus Jamie Arniel in Little Stars zone.
9:49 of 2nd period - Landon Ferraro is hit by Jamie Arniel.
10:22 of 2nd period - Slapshot by Brett Maclean.
10:22 of 2nd period - Stopped by Ben Scrivens without a rebound.
10:23 of 2nd period - Cody Bass wins face-off versus Tyler Bozak in Little Stars zone.
10:23 of 2nd period - Cody Bass is hit by Martin Grenier.
10:54 of 2nd period - Wrist shot by Chris Mcallister.
10:54 of 2nd period - Goal by Chris Mcallister - River Rats : 5 - Little Stars : 4.
10:55 of 2nd period - Marcus Kruger wins face-off versus Tyler Bozak in neutral zone.
11:25 of 2nd period - Wrist shot by Ryan Vesce.
11:25 of 2nd period - Shot Misses the Net.
11:33 of 2nd period - Jesse Joensuu is hit by Michael Del Zotto and loses puck.
11:46 of 2nd period - Snap shot by Kellan Lain.
11:46 of 2nd period - Stopped by Ben Scrivens with a rebound.
11:48 of 2nd period - Wrist shot by Martin Grenier.
11:48 of 2nd period - Stopped by Ben Scrivens without a rebound.
11:49 of 2nd period - Tyler Bozak wins face-off versus Landon Ferraro in Little Stars zone.
11:53 of 2nd period - Icing by Clay Wilson.
11:54 of 2nd period - Landon Ferraro wins face-off versus Tyler Bozak in Little Stars zone.
12:11 of 2nd period - Snap shot by Hugh Jessiman.
12:11 of 2nd period - Stopped by Braden Holtby without a rebound.
12:12 of 2nd period - Matt Halischuk wins face-off versus Kellan Lain in River Rats zone.
12:17 of 2nd period - Wrist shot by Chris Dingman.
12:17 of 2nd period - Stopped by Braden Holtby without a rebound.
12:18 of 2nd period - Kellan Lain wins face-off versus Marcus Kruger in River Rats zone.
12:52 of 2nd period - Snap shot by Tyler Bozak.
12:52 of 2nd period - Stopped by Ben Scrivens without a rebound.
12:53 of 2nd period - Chris Dingman wins face-off versus Tyler Bozak in Little Stars zone.
12:53 of 2nd period - Chris Dingman is hit by Brett Maclean.
14:19 of 2nd period - Marcus Kruger is hit by Tyler Bozak and loses puck.
14:38 of 2nd period - Peter Mueller is hit by Cody Bass and loses puck.
15:03 of 2nd period - Martin Grenier is hit by Hugh Jessiman and loses puck.
15:22 of 2nd period - Slapshot by Tyler Bozak.
15:22 of 2nd period - Deflect By Marcus Kruger.
15:22 of 2nd period - Shot Blocked by Chris Dingman.
15:22 of 2nd period - Puck is out of play.
15:23 of 2nd period - Marcus Kruger wins face-off versus Tyler Bozak in Little Stars zone.
16:09 of 2nd period - Off-side.
16:10 of 2nd period - Jamie Arniel wins face-off versus Marcus Kruger in neutral zone.
16:15 of 2nd period - Snap shot by Jamie Arniel.
16:15 of 2nd period - Deflect By Jay Beagle.
16:15 of 2nd period - Stopped by Ben Scrivens with a rebound.
16:35 of 2nd period - Jamie Arniel is hit by Jimmy Hayes and loses puck.
16:52 of 2nd period - Snap shot by Jay Beagle.
16:52 of 2nd period - Stopped by Ben Scrivens with a rebound.
16:54 of 2nd period - Snap shot by Josh Meyers.
16:54 of 2nd period - Stopped by Ben Scrivens with a rebound.
16:56 of 2nd period - Snap shot by Jay Beagle.
16:56 of 2nd period - Shot Blocked by Alexander Vasyunov.
16:58 of 2nd period - Slapshot by Martin Grenier.
16:58 of 2nd period - Stopped by Ben Scrivens without a rebound.
16:59 of 2nd period - Marcus Kruger wins face-off versus Tyler Bozak in Little Stars zone.
17:13 of 2nd period - Slapshot by Tyler Bozak.
17:13 of 2nd period - Stopped by Ben Scrivens with a rebound.
17:15 of 2nd period - Snap shot by Damien Brunner.
17:15 of 2nd period - Shot Misses the Net.
17:30 of 2nd period - Wrist shot by Cody Bass.
17:30 of 2nd period - Stopped by Braden Holtby without a rebound.
17:31 of 2nd period - Ryan Vesce wins face-off versus Chris Mcallister in River Rats zone.
17:55 of 2nd period - Off-side.
17:56 of 2nd period - Marcus Kruger wins face-off versus Damien Brunner in neutral zone.
18:01 of 2nd period - Martin Grenier is hit by Mathieu Roy and loses puck.
18:06 of 2nd period - Snap shot by Chris Dingman.
18:06 of 2nd period - Stopped by Braden Holtby without a rebound.
18:07 of 2nd period - Tyler Bozak wins face-off versus Marcus Kruger in River Rats zone.
18:07 of 2nd period - Tyler Bozak is hit by Marcus Kruger.
18:13 of 2nd period - Snap shot by Chris Dingman.
18:13 of 2nd period - Stopped by Braden Holtby with a rebound.
18:15 of 2nd period - Backhand shot by Marcus Kruger.
18:15 of 2nd period - Shot Misses the Net.
18:17 of 2nd period - Snap shot by Matt Halischuk.
18:17 of 2nd period - Deflect By Chris Dingman.
18:17 of 2nd period - Shot Misses the Net.
18:17 of 2nd period - Puck is out of play.
18:18 of 2nd period - Tyler Bozak wins face-off versus Marcus Kruger in River Rats zone.
18:18 of 2nd period - Tyler Bozak is hit by Matt Halischuk.
18:28 of 2nd period - Wrist shot by Brett Maclean.
18:28 of 2nd period - Stopped by Ben Scrivens with a rebound.
18:30 of 2nd period - Slapshot by Martin Grenier.
18:30 of 2nd period - Shot Blocked by Matt Halischuk.
18:32 of 2nd period - Snap shot by Martin Grenier.
18:32 of 2nd period - Stopped by Ben Scrivens with a rebound.
18:34 of 2nd period - Slapshot by Tyler Bozak.
18:34 of 2nd period - Shot Misses the Net.
18:40 of 2nd period - Minor Penalty to Mathieu Roy for Hooking.
18:41 of 2nd period - Chris Dingman wins face-off versus Tyler Bozak in Little Stars zone.
19:13 of 2nd period - Slapshot by Matt Halischuk.
19:13 of 2nd period - Shot Blocked by Bryan Rodney.
19:29 of 2nd period - Chris Dingman is hit by Peter Mueller.
Goals for this period are 2 for River Rats vs 2 for Little Stars.
Shots for this period are 18 for River Rats vs 13 for Little Stars.

3rd period


0:01 of 3rd period - Chris Dingman wins face-off versus Tyler Bozak in neutral zone.
0:40 of 3rd period - Penalty to Mathieu Roy is over, Mathieu Roy is back on ice.
0:47 of 3rd period - Icing by Chris Dingman.
0:48 of 3rd period - Jamie Arniel wins face-off versus Cody Bass in Little Stars zone.
0:49 of 3rd period - Slapshot by Martin Grenier.
0:49 of 3rd period - Stopped by Ben Scrivens without a rebound.
0:50 of 3rd period - Jamie Arniel wins face-off versus Cody Bass in Little Stars zone.
1:21 of 3rd period - Minor Penalty to Tyler Bozak for Hooking.
1:22 of 3rd period - Marcus Kruger wins face-off versus Chris Mcallister in River Rats zone.
1:31 of 3rd period - Wrist shot by Marcus Kruger.
1:31 of 3rd period - Shot Blocked by Martin Grenier.
1:35 of 3rd period - Snap shot by Mathieu Roy.
1:35 of 3rd period - Shot Misses the Net.
1:47 of 3rd period - Minor Penalty to Mathieu Roy for Hooking.
1:48 of 3rd period - Kellan Lain wins face-off versus Chris Dingman in Little Stars zone.
2:35 of 3rd period - Slapshot by Michael Del Zotto.
2:35 of 3rd period - Deflect By Jay Beagle.
2:35 of 3rd period - Stopped by Ben Scrivens with a rebound.
2:37 of 3rd period - Slapshot by Martin Grenier.
2:37 of 3rd period - Shot Misses the Net.
3:21 of 3rd period - Penalty to Tyler Bozak is over, Tyler Bozak is back on ice.
3:27 of 3rd period - Off-side.
3:28 of 3rd period - Patrick Maroon wins face-off versus Ryan Vesce in neutral zone.
3:41 of 3rd period - Slapshot by Michael Del Zotto.
3:41 of 3rd period - Goal by Michael Del Zotto - River Rats : 6 - Little Stars : 4.
3:41 of 3rd period - Erik Ersberg enters game.
3:42 of 3rd period - Marcus Kruger wins face-off versus Tyler Bozak in neutral zone.
4:07 of 3rd period - Martin Grenier is hit by Ryan Vesce and loses puck.
4:16 of 3rd period - Backhand shot by Ryan Vesce.
4:16 of 3rd period - Deflect By Martin Grenier.
4:16 of 3rd period - Stopped by Braden Holtby without a rebound.
4:17 of 3rd period - Cody Bass wins face-off versus Tyler Bozak in River Rats zone.
4:20 of 3rd period - Wrist shot by Ryan Vesce.
4:20 of 3rd period - Stopped by Braden Holtby without a rebound.
4:21 of 3rd period - Tyler Bozak wins face-off versus Cody Bass in River Rats zone.
4:21 of 3rd period - Tyler Bozak is hit by Mathieu Roy.
4:30 of 3rd period - Minor Penalty to Damien Brunner for Charging.
4:31 of 3rd period - Marcus Kruger wins face-off versus Tyler Bozak in River Rats zone.
4:45 of 3rd period - Brett Maclean is hit by Clay Wilson and loses puck.
5:19 of 3rd period - Slapshot by Chris Dingman.
5:19 of 3rd period - Deflect By Hugh Jessiman.
5:19 of 3rd period - Stopped by Braden Holtby with a rebound.
6:27 of 3rd period - Hugh Jessiman is hit by Matt Jones and loses puck.
6:30 of 3rd period - Penalty to Damien Brunner is over, Damien Brunner is back on ice.
7:10 of 3rd period - Chris Dingman is hit by Steve Quailer and loses puck.
7:15 of 3rd period - Snap shot by Chris Mcallister.
7:15 of 3rd period - Stopped by Erik Ersberg with a rebound.
7:17 of 3rd period - Slapshot by Matt Jones.
7:17 of 3rd period - Stopped by Erik Ersberg with a rebound.
7:19 of 3rd period - Slapshot by Peter Mueller.
7:19 of 3rd period - Deflect By Steve Quailer.
7:19 of 3rd period - Stopped by Erik Ersberg with a rebound.
7:21 of 3rd period - Snap shot by Steve Quailer.
7:21 of 3rd period - Deflect By Peter Mueller.
7:21 of 3rd period - Stopped by Erik Ersberg without a rebound.
7:22 of 3rd period - Peter Mueller wins face-off versus Robert Czarnik in Little Stars zone.
7:27 of 3rd period - Slapshot by Peter Mueller.
7:27 of 3rd period - Shot Misses the Net.
7:29 of 3rd period - Minor Penalty to Raphael Diaz for Interference.
7:30 of 3rd period - Tyler Bozak wins face-off versus Chris Dingman in Little Stars zone.
7:31 of 3rd period - Slapshot by Brett Maclean.
7:31 of 3rd period - Stopped by Erik Ersberg with a rebound.
8:03 of 3rd period - Snap shot by Steve Quailer.
8:03 of 3rd period - Stopped by Erik Ersberg with a rebound.
8:24 of 3rd period - Ryan Ellis is hit by Brett Maclean and loses puck.
9:25 of 3rd period - Cameron Schilling is hit by Kellan Lain and loses puck.
9:29 of 3rd period - Penalty to Raphael Diaz is over, Raphael Diaz is back on ice.
9:38 of 3rd period - Ryan Ellis is hit by Tomas Kubalik and loses puck.
9:49 of 3rd period - Pavel Valentenko is hit by Alexander Vasyunov and loses puck.
9:54 of 3rd period - Slapshot by Raphael Diaz.
9:54 of 3rd period - Shot Blocked by Jay Beagle.
9:56 of 3rd period - Wrist shot by Alexander Vasyunov.
9:56 of 3rd period - Stopped by Braden Holtby with a rebound.
10:11 of 3rd period - Jamie Arniel is hit by Chris Dingman and loses puck.
10:24 of 3rd period - Josh Meyers is hit by Hugh Jessiman and loses puck.
10:55 of 3rd period - Snap shot by Cody Bass.
10:55 of 3rd period - Goal by Cody Bass - River Rats : 6 - Little Stars : 5.
10:56 of 3rd period - Marcus Kruger wins face-off versus Tyler Bozak in neutral zone.
11:11 of 3rd period - Michael Del Zotto is hit by Mathieu Roy and loses puck.
11:25 of 3rd period - Off-side.
11:26 of 3rd period - Peter Mueller wins face-off versus Cody Bass in neutral zone.
11:29 of 3rd period - Slapshot by Josh Meyers.
11:29 of 3rd period - Deflect By Raphael Diaz.
11:29 of 3rd period - Stopped by Erik Ersberg with a rebound.
11:31 of 3rd period - Slapshot by Chris Mcallister.
11:31 of 3rd period - Stopped by Erik Ersberg with a rebound.
11:33 of 3rd period - Slapshot by Martin Grenier.
11:33 of 3rd period - Stopped by Erik Ersberg without a rebound.
11:34 of 3rd period - Damien Brunner wins face-off versus Marcus Kruger in Little Stars zone.
11:47 of 3rd period - Wrist shot by Marcus Kruger.
11:47 of 3rd period - Shot Blocked by Martin Grenier.
11:49 of 3rd period - Backhand shot by Chris Dingman.
11:49 of 3rd period - Stopped by Braden Holtby with a rebound.
12:03 of 3rd period - Snap shot by Kellan Lain.
12:03 of 3rd period - Stopped by Erik Ersberg with a rebound.
12:05 of 3rd period - Minor Penalty to Cameron Schilling for Hooking.
12:06 of 3rd period - Chris Dingman wins face-off versus Tyler Bozak in Little Stars zone.
12:24 of 3rd period - Michael Del Zotto is hit by Hugh Jessiman and loses puck.
13:36 of 3rd period - Snap shot by Brett Maclean.
13:36 of 3rd period - Goal by Brett Maclean - River Rats : 7 - Little Stars : 5.
13:37 of 3rd period - Peter Mueller wins face-off versus Ryan Vesce in neutral zone.
14:15 of 3rd period - Minor Penalty to Patrick Maroon for Holding.
14:16 of 3rd period - Hugh Jessiman wins face-off versus Tyler Bozak in River Rats zone.
14:32 of 3rd period - Slapshot by Clay Wilson.
14:32 of 3rd period - Stopped by Braden Holtby without a rebound.
14:33 of 3rd period - Cody Bass wins face-off versus Tyler Bozak in River Rats zone.
15:05 of 3rd period - Slapshot by Hugh Jessiman.
15:05 of 3rd period - Goal by Hugh Jessiman - River Rats : 7 - Little Stars : 6.
15:06 of 3rd period - Landon Ferraro wins face-off versus Kellan Lain in neutral zone.
15:31 of 3rd period - Snap shot by Brett Maclean.
15:31 of 3rd period - Shot Misses the Net.
15:33 of 3rd period - Slapshot by Michael Del Zotto.
15:33 of 3rd period - Stopped by Erik Ersberg without a rebound.
15:34 of 3rd period - Tyler Bozak wins face-off versus Marcus Kruger in Little Stars zone.
15:35 of 3rd period - Slapshot by Damien Brunner.
15:35 of 3rd period - Deflect By Brett Maclean.
15:35 of 3rd period - Shot Misses the Net.
15:35 of 3rd period - Puck is out of play.
15:36 of 3rd period - Marcus Kruger wins face-off versus Kellan Lain in Little Stars zone.
15:46 of 3rd period - Icing by Patrick Maroon.
15:47 of 3rd period - Kellan Lain wins face-off versus Landon Ferraro in River Rats zone.
15:47 of 3rd period - Kellan Lain is hit by Carl Hagelin.
15:54 of 3rd period - Off-side.
15:55 of 3rd period - Kellan Lain wins face-off versus Landon Ferraro in neutral zone.
16:06 of 3rd period - Snap shot by Hugh Jessiman.
16:06 of 3rd period - Stopped by Braden Holtby with a rebound.
16:16 of 3rd period - Patrick Maroon is hit by Hugh Jessiman and loses puck.
16:21 of 3rd period - Slapshot by Clay Wilson.
16:21 of 3rd period - Shot Misses the Net.
16:23 of 3rd period - Wrist shot by Hugh Jessiman.
16:23 of 3rd period - Shot Misses the Net.
16:25 of 3rd period - Wrist shot by Landon Ferraro.
16:25 of 3rd period - Shot Misses the Net.
16:27 of 3rd period - Wrist shot by Landon Ferraro.
16:27 of 3rd period - Shot Blocked by Patrick Maroon.
16:29 of 3rd period - Backhand shot by Clay Wilson.
16:29 of 3rd period - Stopped by Braden Holtby with a rebound.
16:39 of 3rd period - Wrist shot by Carl Hagelin.
16:39 of 3rd period - Shot Misses the Net.
16:41 of 3rd period - Snap shot by Clay Wilson.
16:41 of 3rd period - Stopped by Braden Holtby with a rebound.
16:43 of 3rd period - Wrist shot by Carl Hagelin.
16:43 of 3rd period - Stopped by Braden Holtby with a rebound.
16:45 of 3rd period - Wrist shot by Carl Hagelin.
16:45 of 3rd period - Stopped by Braden Holtby with a rebound.
16:47 of 3rd period - Slapshot by Mathieu Roy.
16:47 of 3rd period - Deflect By Carl Hagelin.
16:47 of 3rd period - Goal by Carl Hagelin - River Rats : 7 - Little Stars : 7.
16:48 of 3rd period - Tyler Bozak wins face-off versus Chris Dingman in neutral zone.
16:50 of 3rd period - Minor Penalty to Matt Jones for Roughing.
16:51 of 3rd period - Marcus Kruger wins face-off versus Tyler Bozak in River Rats zone.
16:55 of 3rd period - Wrist shot by Chris Dingman.
16:55 of 3rd period - Shot Blocked by Martin Grenier.
17:03 of 3rd period - Snap shot by Hugh Jessiman.
17:03 of 3rd period - Stopped by Braden Holtby without a rebound.
17:04 of 3rd period - Brett Maclean wins face-off versus Marcus Kruger in River Rats zone.
17:41 of 3rd period - Wrist shot by Ryan Vesce.
17:41 of 3rd period - Stopped by Braden Holtby with a rebound.
17:43 of 3rd period - Slapshot by Jesse Joensuu.
17:43 of 3rd period - Stopped by Braden Holtby with a rebound.
18:27 of 3rd period - Minor Penalty to Bryan Rodney for Interference.
18:28 of 3rd period - Tyler Bozak wins face-off versus Cody Bass in River Rats zone.
18:28 of 3rd period - Tyler Bozak is hit by Mathieu Roy.
18:50 of 3rd period - Penalty to Matt Jones is over, Matt Jones is back on ice.
Goals for this period are 2 for River Rats vs 3 for Little Stars.
Shots for this period are 15 for River Rats vs 17 for Little Stars.

Overtime #1


0:01 of 1st overtime period - Tyler Bozak wins face-off versus Chris Dingman in neutral zone.
0:27 of 1st overtime period - Penalty to Bryan Rodney is over, Bryan Rodney is back on ice.
0:42 of 1st overtime period - Wrist shot by Matt Halischuk.
0:42 of 1st overtime period - Shot Misses the Net.
1:00 of 1st overtime period - Michael Del Zotto is hit by Chris Dingman.
2:17 of 1st overtime period - Raphael Diaz is hit by Josh Meyers and loses puck.
2:51 of 1st overtime period - Jimmy Hayes is hit by Pavel Valentenko and loses puck.
3:57 of 1st overtime period - Tyler Bozak is hit by Mathieu Roy and loses puck.
4:04 of 1st overtime period - Matt Halischuk is hit by Bryan Rodney and loses puck.
4:27 of 1st overtime period - Chris Dingman is hit by Matt Jones and loses puck.
4:34 of 1st overtime period - Ryan Ellis is hit by Damien Brunner and loses puck.
Goals for this period are 0 for River Rats vs 0 for Little Stars.
Shots for this period are 0 for River Rats vs 0 for Little Stars.

ShootOut


5:00 of 1st overtime period - Penalty Shot by Tyler Bozak for River Rats.
5:00 of 1st overtime period - Wrist shot by Tyler Bozak.
5:00 of 1st overtime period - Shot Misses the Net.
5:00 of 1st overtime period - Penalty Shot by Chris Dingman for Little Stars.
5:00 of 1st overtime period - Snap shot by Chris Dingman.
5:00 of 1st overtime period - Shot Misses the Net.
5:00 of 1st overtime period - Penalty Shot by Brett Maclean for River Rats.
5:00 of 1st overtime period - Deke by Brett Maclean.
5:00 of 1st overtime period - Goal by Brett Maclean.
5:00 of 1st overtime period - Penalty Shot by Hugh Jessiman for Little Stars.
5:00 of 1st overtime period - Wrist shot by Hugh Jessiman.
5:00 of 1st overtime period - Stopped by Braden Holtby.
5:00 of 1st overtime period - Penalty Shot by Damien Brunner for River Rats.
5:00 of 1st overtime period - Snap shot by Damien Brunner.
5:00 of 1st overtime period - Shot Misses the Net.
5:00 of 1st overtime period - Penalty Shot by Ryan Vesce for Little Stars.
5:00 of 1st overtime period - Wrist shot by Ryan Vesce.
5:00 of 1st overtime period - Stopped by Braden Holtby.


Output by the SimonT Hockey Simulator (STHS) for François Prévost -- Original Page W3C XHTML 1.0 Valid
Hockey Simulator - Hockey Simulation - Hockey Manager